 Dungeon Crawl Stone Soup version 0.25.0-11-g1f837a76a1 (webtiles) character file.

Game seed: 3423294221313413683

(classic levelgen) 44167 EnegeticOcto the Severer (level 13, -1/118 HPs)
             Began as a Minotaur Fighter on June 27, 2020.
             Slain by a catoblepas (15 damage)
             ... while petrified by you
             ... on level 6 of the Lair of Beasts.
             The game lasted 00:19:14 (19025 turns).

EnegeticOcto the Severer (Minotaur Fighter)        Turns: 19025, Time: 00:19:14

Health: -1/118     AC: 19    Str: 23    XL:     13   Next: 94%
Magic:  18/18      EV:  2    Int:  5    God:
Gold:   2294       SH:  0    Dex: 16    Spells: 11/12 levels left

rFire    + . .     SeeInvis .   a - +1 war axe (freeze)
rCold    . . .     Gourm    .   c - +0 kite shield
rNeg     + + +     Faith    .   u - +1 chain mail "Kuog" {Harm rElec Str-3 Slay+3}
rPois    ∞         Spirit   .   (helmet restricted)
rElec    +         Reflect  .   I - +2 cloak {rF+}
rCorr    .         Harm     +   f - +2 pair of gloves
MR       .....                  (no boots)
Stlth    ..........             (no amulet)
HPRegen  0.29/turn              r - +6 ring of dexterity (curse)
MPRegen  0.16/turn              (no ring)

@: petrified
A: retaliatory headbutt, horns 2
a: no special abilities


You were on level 6 of the Lair of Beasts.
You were not hungry.

You visited 3 branches of the dungeon, and saw 18 of its levels.
You also visited: Volcano.

You collected 2294 gold pieces.

Inventory:

Hand Weapons
 a - a +1 war axe of freezing (weapon)
 b - a +4 flail of protection
Missiles
 v - 10 boomerangs (quivered)
 x - 28 javelins
 E - 5 throwing nets {!f}
Armour
 c - a +0 kite shield (worn)
 f - a +2 pair of gloves (worn)
 u - the +1 chain mail "Kuog" (worn) {Harm rElec Str-3 Slay+3}
   (You found it on level 6 of the Dungeon)

   It affects your strength (-3).
   It affects your accuracy and damage with ranged weapons and melee attacks
   (+3).
   It insulates you from electricity.
   It increases damage dealt and taken.
 I - a +2 cloak of fire resistance (worn)
Jewellery
 r - a cursed +6 ring of dexterity (left hand)
Wands
 g - a wand of disintegration (5)
 p - a wand of enslavement (21)
 t - a wand of polymorph (10)
 F - a wand of acid (3) {@v1}
 G - a wand of digging (4) {@v3}
 K - a wand of iceblast (11) {@v2}
Scrolls
 i - 10 scrolls of remove curse {@r2}
 j - 6 scrolls of enchant weapon
 k - 6 scrolls of teleportation {@r3 !r}
 m - a scroll of magic mapping {@r5 !r}
 n - 2 scrolls of immolation
 s - a scroll of fear {!r}
 w - a scroll of identify {@r1}
 C - a scroll of torment
Potions
 d - 4 potions of might {@q3 !q}
 o - 4 potions of stabbing {@q5 !q}
 q - 4 potions of magic
 y - 3 potions of lignification {@q6}
 z - a potion of cancellation
 A - a potion of invisibility {unknown}
 D - a potion of flight {unknown}
 H - a potion of mutation {unknown}
 L - a potion of resistance
Miscellaneous
 l - a phial of floods
Comestibles
 e - 24 rations
 B - 9 chunks of flesh


   Skills:
 + Level 12.1 Fighting
 * Level 15.8 Axes
 + Level 6.4 Throwing
 - Level 9.3 Armour
 + Level 7.2 Dodging
 + Level 12.0 Shields
 + Level 8.6 Evocations


You had 11 spell levels left.
You knew the following spells:

 Your Spells              Type           Power        Failure   Level  Hunger
a - Apportation           Tloc           #.....       99%         1    ##.....

Your spell library contained the following spells:

 Spells                   Type           Power        Failure   Level  Hunger
 Animate Skeleton         Necr           N/A          99%         1    ##.....
 Corona                   Hex            #......      99%         1    ##.....
 Freeze                   Ice            #...         99%         1    ##.....
 Magic Dart               Conj           #...         99%         1    ##.....
 Summon Small Mammal      Summ           #...         99%         1    ##.....
 Blink                    Tloc           N/A          100%        2    ###....
 Call Imp                 Summ           #.......     100%        2    ###....
 Slow                     Hex            #.......     100%        2    ###....
 Conjure Flame            Conj/Fire      #.......     100%        3    ####...
 Frozen Ramparts          Ice            #.....       100%        3    ####...
 Mephitic Cloud           Conj/Pois/Air  #.......     100%        3    ####...
 Ozocubu's Armour         Chrm/Ice       #.......     100%        3    ####...
 Hailstorm                Conj/Ice       #.......     100%        4    #####..
 Summon Ice Beast         Ice/Summ       #.......     100%        4    #####..


Dungeon Overview and Level Annotations

Branches:
Dungeon (11/15)            Temple (1/1) D:5            Lair (6/6) D:9
 Shoals (0/4) Lair:3        Snake (0/4) Lair:4        Slime (0/5) Lair:5
    Orc (0/2) D:9         Volcano (visited)

Altars:
Ashenzari
Cheibriados
Dithmenos
Elyvilon
Fedhas
Gozag
Hepliaklqana
Kikubaaqudgha
Makhleb
Nemelex Xobeh
Okawaru
Qazlal
Ru
Sif Muna
Trog
Uskayaw
Vehumet
Wu Jian
Xom
Yredelemnul
Zin
The Shining One

Shops:
D:7 [

Annotations:
Lair:5 exclusion: oklob plant


Innate Abilities, Weirdness & Mutations

You reflexively headbutt those who attack you in melee.
You have a pair of horns on your head.


Message History

You are too injured to fight recklessly!
You are too injured to fight recklessly!
You are too injured to fight recklessly!
Your +1 war axe of freezing stops glowing.
Your +4 flail of protection hums with potential!
b - a +4 flail of protection (weapon)
The blink frog blinks!
You block the spiny frog's attack. You block the blink frog's attack.
You barely miss the ten-headed hydra.
The ten-headed hydra is heavily wounded.
A water moccasin comes into view.
The spiny frog stings you! The ten-headed hydra bites you.
You block the ten-headed hydra's attack.
The ten-headed hydra bites you. x2; The ten-headed hydra bites you!
The ten-headed hydra bites you but does no damage.
The ten-headed hydra bites you.
* * * LOW HITPOINT WARNING * * *
The ten-headed hydra bites you!
* * * LOW HITPOINT WARNING * * *
You block the ten-headed hydra's attack.
The ten-headed hydra bites you but does no damage.
Okay, then.
Okay, then.
The water moccasin hisses angrily.
You block the spiny frog's attack. You block the blink frog's attack.
Really read
k - 8 scrolls of teleportation {@r3 !r}?
As you read the scroll of teleportation {@r3 !r}, it crumbles to dust.
You feel strangely unstable. The spiny frog stings you.
* * * LOW HITPOINT WARNING * * *
You block the blink frog's attack. The blink frog hits you!
* * * LOW HITPOINT WARNING * * *
You block the blink frog's attack. The water moccasin barely misses you.
You furiously retaliate!
You headbutt the water moccasin!
Okay, then.
The blink frog is no longer moving slowly.
You block the water moccasin's attack. You block the blink frog's attack.
Your surroundings seem slightly different.
Really read
k - 7 scrolls of teleportation {@r3 !r}?
As you read the scroll of teleportation {@r3 !r}, it crumbles to dust.
You feel strangely unstable. You block the spiny frog's attack.
The spiny frog barely misses you. You furiously retaliate!
You headbutt the spiny frog! You block the blink frog's attack.
Really quaff
h - 2 potions of curing {@q1 !q}?
You feel better.
The ten-headed hydra is no longer moving slowly.
The blink frog closely misses you.
The blink frog blinks!
You block the spiny frog's attack.
Your surroundings suddenly seem different.
A catoblepas comes into view.
The catoblepas bellows!
The blink frog gives a loud, deep croak!
The blink frog blinks!
The catoblepas gores you but does no damage.
Unknown command.
Really quaff
h - a potion of curing {@q1 !q}?
You feel better. You block the catoblepas's attack.
Your +4 flail of protection goes still.
Your +1 war axe of freezing glows with a cold blue light!
a - a +1 war axe of freezing (weapon)
The catoblepas gores you!!
* * * LOW HITPOINT WARNING * * *
The blink frog blinks!
You are confused.
You feel invigorated.
The catoblepas breathes a plume of calcifying dust at you.
The blast of calcifying dust hits you.
* * * LOW HITPOINT WARNING * * *
You bump into the rock wall.
You are engulfed in calcifying dust.
You are slowing down.
The catoblepas closely misses you.
The blink frog blinks!
The catoblepas closely misses you.
Your limbs are stiffening.
Found 3 potions of curing.
You're too confused to move!
The blink frog hits you.
* * * LOW HITPOINT WARNING * * *
The blink frog blinks! x2
The catoblepas breathes a plume of calcifying dust at you.
The blast of calcifying dust hits you but does no damage.
You have turned to stone.
You are engulfed in calcifying dust.
The catoblepas gores you but does no damage.
You are engulfed in calcifying dust.
The catoblepas gores you!
* * * LOW HITPOINT WARNING * * *
You are engulfed in calcifying dust.
You feel less invigorated.
You feel less confused.
The catoblepas gores you but does no damage.
The catoblepas gores you.
* * * LOW HITPOINT WARNING * * *
The blink frog hits you but does no damage.
The blink frog blinks!
The catoblepas gores you.
* * * LOW HITPOINT WARNING * * *
The catoblepas gores you!
* * * LOW HITPOINT WARNING * * *
The catoblepas gores you.
* * * LOW HITPOINT WARNING * * *
The blink frog blinks!
The blink frog blinks!
The catoblepas gores you.
* * * LOW HITPOINT WARNING * * *
The catoblepas gores you!!
You die...

. #.H.YH ..#
....8.8. ...#
##.8..P.8 #...#
#### #....8...
#...###..#
#PP..8....
##......#
####...P##
#......###
######
...8....Y.###
.......8@...#
....8........#
#........8....#
..8...P§....###
.......P...##
§.§.#......#
.##.##...## ##
!##..# ##...


You could see a catoblepas.

Vanquished Creatures
  A minotaur (Lair:2)
  The ghost of Haxyobbu the Fighter, a journeyman MiFi of Okawaru (Lair:2)
  Harold (D:7)
  4 hydras
  A catoblepas (Lair:5)
  A two-headed ogre (D:8)
  A death yak (Lair:6)
  A sun demon (Volcano)
  2 ugly things (Volcano)
  3 oklob plants (Lair:1)
  A manticore (Lair:3)
  7 elephants
  6 black mambas
  A centaur zombie (D:11)
  Maurice (D:8)
  13 spiny frogs
  A rime drake (Lair:4)
  A gargoyle (Volcano)
  4 komodo dragons
  2 red devils (Volcano)
  A queen bee (D:8)
  2 trolls
  Prince Ribbit (D:8)
  8 hippogriffs
  2 slime creatures (Lair:5)
  15 blink frogs
  A wraith (D:10)
  33 yaks
  7 spriggans (D:9)
  Sigmund (D:2)
  A wyvern (D:11)
  4 fire bats (Volcano)
  A hungry ghost (D:9)
  4 basilisks
  Grum (D:8)
  Edmund (D:6)
  A hell hound (Volcano)
  11 porcupines
  A swamp worm (Volcano)
  16 water moccasins
  2 black bears
  5 orc warriors
  3 necrophages
  3 sky beasts
  4 ogres
  A hornet zombie (D:6)
  4 ice beasts
  12 wolves
  3 centaurs
  9 crocodiles
  13 bullfrogs
  3 scorpions
  A water moccasin skeleton (D:4)
  16 killer bees (D:8)
  An electric eel (D:10)
  3 howler monkeys (D:11)
  7 lava snakes (Volcano)
  4 crimson imps
  3 hounds
  A bullfrog zombie (D:5)
  7 orc priests
  3 jellies
  3 bullfrog skeletons
  A centaur skeleton (D:11)
  3 iguanas
  10 orc wizards
  11 worker ants
  A centaur simulacrum (D:10)
  A hound zombie (D:6)
  2 hound skeletons (D:7)
  A killer bee simulacrum (D:10)
  A worker ant zombie (D:7)
  Robin (D:2)
  23 adders
  3 gnolls (D:8)
  An ufetubus (D:10)
  An adder zombie (D:7)
  An adder skeleton (D:5)
  4 worms
  2 dart slugs
  6 leopard geckos
  49 orcs
  7 giant cockroaches
  15 hobgoblins
  8 jackals
  4 quokkas
  A ball python (D:2)
  10 bats
  4 frilled lizards
  12 goblins
  10 kobolds
  7 rats
  4 fungi
  7 plants
487 creatures vanquished.

Vanquished Creatures (others)
  An elephant (Lair:6)
  6 fungi
  10 plants
17 creatures vanquished.

Grand Total: 504 creatures vanquished

Notes
Turn   | Place    | Note
-------+----------+-------------------------------------------
     0 | D:1      | EnegeticOcto the Minotaur Fighter began the quest for the
                  | Orb.
     0 | D:1      | Reached XP level 1. HP: 19/19 MP: 0/0
   274 | D:1      | Reached XP level 2. HP: 26/27 MP: 1/1
   559 | D:1      | Reached skill level 3 in Axes
   694 | D:1      | Reached skill level 4 in Fighting
   894 | D:2      | Reached skill level 4 in Armour
   895 | D:2      | Reached XP level 3. HP: 32/33 MP: 2/2
   896 | D:2      | Reached skill level 4 in Shields
  1045 | D:2      | Noticed Sigmund
  1231 | D:2      | Noticed Robin
  1249 | D:2      | Killed Robin
  1249 | D:2      | Reached XP level 4. HP: 39/40 MP: 3/3
  1403 | D:2      | Reached skill level 4 in Axes
  1411 | D:2      | Killed Sigmund
  1411 | D:2      | Reached skill level 1 in Evocations
  1411 | D:2      | Reached XP level 5. HP: 30/47 MP: 4/4
  1902 | D:3      | Reached skill level 5 in Axes
  2000 | D:3      | Reached XP level 6. HP: 53/53 MP: 5/5
  2954 | D:4      | Reached skill level 5 in Armour
  2977 | D:4      | Reached skill level 5 in Fighting
  3122 | D:4      | Reached skill level 5 in Shields
  3837 | D:5      | Entered Level 5 of the Dungeon
  3846 | D:5      | Reached XP level 7. HP: 59/61 MP: 7/7
  3848 | D:5      | Reached skill level 2 in Evocations
  3938 | D:5      | Reached skill level 6 in Axes
  4383 | D:5      | Found a staircase to the Ecumenical Temple.
  4420 | D:5      | Reached skill level 7 in Axes
  4479 | D:5      | Found a glowing silver altar of Zin.
  4486 | D:5      | Found a hazy altar of Hepliaklqana.
  4575 | D:5      | Reached XP level 8. HP: 60/70 MP: 9/9
  4749 | Temple   | Entered the Ecumenical Temple
  5068 | D:6      | Reached skill level 6 in Armour
  5163 | D:6      | Reached skill level 6 in Fighting
  5168 | D:6      | Reached skill level 3 in Evocations
  5169 | D:6      | Reached skill level 6 in Shields
  5169 | D:6      | Noticed Edmund
  5209 | D:6      | Killed Edmund
  5209 | D:6      | Reached skill level 8 in Axes
  5634 | D:6      | Found a shimmering blue altar of Sif Muna.
  5664 | D:6      | Got a heavily runed chain mail
  5881 | D:6      | Reached XP level 9. HP: 41/78 MP: 10/10
  6287 | D:7      | Noticed Harold
  6298 | D:7      | Killed Harold
  6298 | D:7      | Reached skill level 7 in Fighting
  6298 | D:7      | Reached skill level 9 in Axes
  6298 | D:7      | Reached skill level 7 in Armour
  6298 | D:7      | Reached skill level 7 in Shields
  6298 | D:7      | Reached skill level 4 in Evocations
  6681 | D:7      | Found Yraishub's Antique Armour Boutique.
  6748 | D:7      | Identified the +1 chain mail "Kuog" {Harm rElec Str-3
                  | Slay+3} (You found it on level 6 of the Dungeon)
  7037 | D:8      | Noticed a two-headed ogre
  7045 | D:8      | Killed a two-headed ogre
  7045 | D:8      | Reached skill level 10 in Axes
  7070 | D:8      | Reached skill level 8 in Armour
  7225 | D:8      | Reached skill level 8 in Fighting
  7225 | D:8      | Reached XP level 10. HP: 72/88 MP: 12/12
  7248 | D:8      | Reached skill level 8 in Shields
  7248 | D:8      | Reached skill level 5 in Evocations
  7636 | D:8      | Noticed Grum
  7643 | D:8      | Reached skill level 11 in Axes
  7647 | D:8      | Killed Grum
  7955 | D:8      | Noticed Prince Ribbit
  7964 | D:8      | Killed Prince Ribbit
  8250 | D:8      | Noticed Maurice
  8255 | D:8      | Killed Maurice
  8330 | D:8      | You fall into a shaft and drop 3 floors!
  8358 | D:11     | Reached skill level 9 in Fighting
  8370 | D:11     | Reached skill level 9 in Armour
  8382 | D:10     | Entered Level 10 of the Dungeon
  8423 | D:10     | Reached skill level 9 in Shields
  8550 | D:10     | Reached skill level 6 in Evocations
  8599 | D:10     | Found a shimmering altar of Xom.
  8693 | D:9      | Reached XP level 11. HP: 94/97 MP: 14/14
  8719 | D:9      | Reached skill level 12 in Axes
  9109 | D:9      | Found a blossoming altar of Fedhas.
  9273 | D:9      | Reached skill level 1 in Dodging
  9278 | D:9      | Found a staircase to the Lair.
  9424 | D:9      | Reached skill level 1 in Throwing
  9451 | D:9      | Found a staircase to the Orcish Mines.
  9778 | D:9      | Found a snail-covered altar of Cheibriados.
  9837 | D:9      | Found an iron altar of Okawaru.
 10328 | D:10     | Reached skill level 2 in Dodging
 10569 | D:10     | Found a shadowy altar of Dithmenos.
 11038 | Lair:1   | Entered Level 1 of the Lair of Beasts
 11044 | Lair:1   | Reached skill level 2 in Throwing
 11062 | D:9      | Reached skill level 10 in Fighting
 11318 | Lair:1   | Reached skill level 13 in Axes
 11324 | Lair:1   | Reached skill level 3 in Dodging
 11324 | Lair:1   | Reached skill level 10 in Shields
 11997 | Lair:1   | Reached skill level 3 in Throwing
 12010 | Lair:1   | Noticed an oklob plant
 12010 | Lair:1   | Noticed an oklob plant
 12010 | Lair:1   | Noticed an oklob plant
 12045 | Lair:1   | Reached XP level 12. HP: 106/106 MP: 16/16
 12583 | Lair:1   | Identified a scroll of acquirement
 12617 | Lair:2   | Noticed a five-headed hydra
 12628 | Lair:2   | Killed a five-headed hydra
 12628 | Lair:2   | Reached skill level 4 in Dodging
 12628 | Lair:2   | Reached skill level 7 in Evocations
 13045 | Lair:2   | Found a runed translucent gate.
 13047 | Lair:2   | Found a runed translucent gate.
 13048 | Lair:2   | Found a runed translucent gate.
 13051 | Lair:2   | Noticed a minotaur
 13052 | Lair:2   | Noticed Haxyobbu's ghost (journeyman MiFi)
 13092 | Lair:2   | Noticed an eight-headed hydra
 13102 | Lair:2   | Killed an eight-headed hydra
 13102 | Lair:2   | Reached skill level 4 in Throwing
 13269 | Lair:2   | Reached skill level 14 in Axes
 13564 | Lair:2   | Reached skill level 5 in Dodging
 13717 | Lair:2   | Reached skill level 11 in Fighting
 14312 | Lair:2   | Killed Haxyobbu's ghost
 14312 | Lair:2   | Reached skill level 11 in Shields
 14325 | Lair:2   | Killed a minotaur
 14929 | Lair:3   | Noticed a four-headed hydra
 14934 | Lair:3   | Killed a four-headed hydra
 14934 | Lair:3   | Reached skill level 5 in Throwing
 14937 | Lair:3   | Found a staircase to the Shoals.
 14944 | Lair:3   | Reached XP level 13. HP: 108/116 MP: 17/17
 15780 | Lair:4   | Reached skill level 6 in Dodging
 15780 | Lair:4   | Reached skill level 8 in Evocations
 15863 | Lair:4   | Found a staircase to the Snake Pit.
 15931 | Lair:4   | Reached skill level 15 in Axes
 16986 | Lair:5   | Found a dark tunnel.
 16994 | Volcano  | Entered a volcano
 17256 | Volcano  | Learned a level 1 spell: Apportation
 17303 | Volcano  | Found a radiant altar of Vehumet.
 17360 | Volcano  | Reached skill level 6 in Throwing
 17492 | Lair:5   | Found a staircase to the Slime Pits.
 18402 | Lair:6   | Entered Level 6 of the Lair of Beasts
 18420 | Lair:6   | Reached skill level 12 in Fighting
 18448 | Lair:6   | Reached skill level 7 in Dodging
 18834 | Lair:6   | Reached skill level 12 in Shields
 19025 | Lair:6   | Slain by a catoblepas

Illustrated notes

Levels and vault maps discovered:
D:1:      onia_arrival_pyramid, layout_basic, minmay_worlds_worst_comb
D:2:      layout_rooms, uniq_sigmund, uniq_robin
D:3:      layout_loops_corners, st_stairs_5
D:4:      layout_layer_cave
D:5:      layout_basic, minitemple, minmay_temple_entry_mist, first_ration,
          grunt_decor_cap
D:6:      layout_cave_pools, led_sif_pool, serial_rivers,
          chequers_serial_rivers_small_b, chequers_serial_rivers_micro_e,
          chequers_serial_rivers_large_b, chequers_serial_rivers_small_b,
          chequers_serial_rivers_small_3, chequers_serial_rivers_micro_a,
          uniq_edmund
D:7:      layout_loops_cross, serial_shops, shop, uniq_harold
D:8:      layout_basic, david_nohive_1, uniq_maurice, uniq_prince_ribbit1,
          uniq_grum
D:9:      kb_forest_paths, layout_basic, kennysheep_little_box,
          lemuel_round_altar, lemuel_coloured_pillars_altar, david_lair_generic,
          david_orc_2, st_stairs_9
D:10:     layout_stronghold, serial_ice, serial_ice_g, serial_ice_f,
          serial_ice_b, serial_ice_l, basic_altar,
          nicolae_dithmenos_the_darkroom
D:11:     layout_small_grid, serial_glass, glass_columns_b, glass_columns_c,
          glass_columns_a, glass_columns_b, uniq_erolcha
Temple:   eino_temple_scatter_basement
Lair:1:   wander_river, layout_misc_corridors, st_stairs_9,
          chequers_serial_rivers_micro_a, infiniplex_staircase_pool_2,
          minmay_lair_oklob_chamber, grunt_megastairs_5
Lair:2:   layout_cave_pods, maelrawn_ghost_gauntlet_escape, beast_lair_carwin_11
Lair:3:   layout_regular_city, minmay_shoals_entry_beasts, st_stairs_4,
          grunt_megastairs_3, infiniplex_staircase_pool
Lair:4:   layout_loops_ring, minmay_snake_entry_six_corridors
Lair:5:   dpeg_oklob_gauntlet, layout_loops_ring, minmay_slime_entry_pillars,
          enter_volcano_1
Lair:6:   evilmike_catoblepas_cave, layout_cave_pods

Skill      XL: |  1  2  3  4  5  6  7  8  9 10 11 12 13 |
---------------+----------------------------------------+-----
Axes           | 3 4 5 7 8 10 11 13 14 15 | 15.8
Fighting       | 4 5 6 8 9 10 11 12 | 12.1
Armour         | 4 5 6 8 9 |  9.3
Shields        | 4 5 6 7 9 10 11 12 | 12.0
Evocations     | 1 2 3 4 6 7 8 |  8.6
Dodging        | 3 5 7 |  7.2
Throwing       | 3 5 6 |  6.4

Action                   |  1- 3 |  4- 6 |  7- 9 | 10-12 | 13-15 || total
-------------------------+-------+-------+-------+-------+-------++-------
Melee: War axe           |    94 |   126 |       |   378 |   235 ||   833
       Headbutt          |    16 |    25 |    47 |   123 |    67 ||   278
       Hand axe          |       |     4 |   238 |   118 |       ||   360
       Flail             |       |       |       |    12 |     8 ||    20
Throw: Boomerang         |       |       |       |    30 |    20 ||    50
       Javelin           |       |       |       |       |     4 ||     4
Evoke: Wand              |       |       |     6 |     5 |     3 ||    14
  Use: Scroll            |     3 |     4 |     3 |    16 |     5 ||    31
       Potion            |       |       |       |     1 |     3 ||     4
  Eat: Chunk             |     1 |     9 |     7 |    17 |     6 ||    40
       Ration            |       |       |     1 |     3 |     2 ||     6
Armor: Scale mail        |    48 |    35 |       |       |       ||    83
       Chain mail        |       |    10 |    64 |   205 |    77 ||   356
       Plate armour      |       |       |    47 |       |       ||    47
Dodge: Dodged            |    27 |    30 |    52 |   116 |    82 ||   307
Block: Kite shield       |    52 |    59 |   139 |   274 |   138 ||   662
